 Dungeon Crawl Stone Soup version 0.29-a0-643-ga013cefcf8 (webtiles) character file.

Game seed: 1009518885583451104

408 Pooter the Digger (level 6, -8/55 HPs)
             Began as a Troll Earth Elementalist on June 19, 2022.
             Killed from afar by Ijyb (26 damage)
             ... with a bolt of light
             ... on level 5 of the Dungeon.
             The game lasted 00:30:24 (3944 turns).

Pooter the Digger (Troll Earth Elementalist)        Turns: 3944, Time: 00:30:24

Health: -8/55      AC:  8    Str: 17    XL:     6   Next: 57%
Magic:  8/8        EV:  9    Int: 19    God:
Gold:   217        SH:  0    Dex: 10    Spells: 1/9 levels left

rFire   . . .      SeeInvis .     - Unarmed
rCold   . . .      Faith    .   (no shield)
rNeg    . . .      Spirit   .   a - +0 robe
rPois   .          Reflect  .   (helmet restricted)
rElec   .          Harm     .   (no cloak)
rCorr   .          Rampage  .   (gloves unavailable)
Will    .....                   (boots unavailable)
Stlth   +.........              (no amulet)
HPRegen 0.98/turn               l - +4 ring of protection
MPRegen 0.11/turn               o - +6 ring of intelligence

@: confused
A: large, unfitting armour, claws 3, regeneration 1, shaggy fur 1, tough skin 1
a: no special abilities


You were on level 5 of the Dungeon.
You visited 1 branch of the dungeon, and saw 5 of its levels.

You collected 217 gold pieces.

Inventory:

Hand Weapons
 b - a +0 hand crossbow
   (You found it on level 5 of the Dungeon)
 q - a +0 quarterstaff
   (You took it off a hobgoblin on level 2 of the Dungeon)
 v - a +0 war axe
   (You found it on level 4 of the Dungeon)
 y - a +0 shortbow
   (You took it off a centaur on level 5 of the Dungeon)
 A - a +0 hunting sling
   (You took it off a goblin on level 3 of the Dungeon)
Missiles
 x - 5 poisoned darts
 Q - 9 stones (quivered)
Armour
 a - a +0 robe (worn)
Jewellery
 l - a +4 ring of protection (left claw)
   (You found it on level 2 of the Dungeon)
 o - a +6 ring of intelligence (right claw)
   (You found it on level 2 of the Dungeon)
Scrolls
 d - a scroll of silence {unknown}
 j - a scroll of magic mapping
 k - a scroll of poison {unknown}
 m - 2 scrolls of amnesia
 n - a scroll of fog {unknown}
 p - a scroll of fear
 t - 3 scrolls of teleportation {@r4}
 u - a scroll of identify {unknown}
Potions
 c - 3 potions of haste {unknown}
 e - a potion of berserk rage {unknown}
 g - 3 potions of lignification {unknown}
 h - a potion of brilliance {unknown}
 i - 3 potions of heal wounds {unknown}
 r - 2 potions of magic
 s - 2 potions of attraction {unknown}
 w - a potion of flight {unknown}
 z - a potion of ambrosia {unknown}
 B - a potion of curing {unknown}


   Skills:
 + Level 1.5 Fighting
 * Level 0.1 Crossbows
 - Level 0.2 Throwing
 - Level 1.5 Dodging
 - Level 1.0 Stealth
 + Level 2.0 Unarmed Combat
 + Level 2.0 Spellcasting
 + Level 1.5 Conjurations
 + Level 1.1 Necromancy
 + Level 1.9 Transmutations
 + Level 0.5 Air Magic
 + Level 3.4 Earth Magic
 * Level 1.1 Poison Magic


You had one spell level left.
You knew the following spells:

 Your Spells              Type           Power      Damage    Failure   Level
a - Sandblast             Erth           30%        2d9       4%          1
b - Stone Arrow           Conj/Erth      22%        3d8       19%         3
c - Necrotize             Necr           24%        1d5       11%         1
d - Poisonous Vapours     Pois/Air       10%        N/A       19%         2
e - Apportation           Tloc           2%         N/A       17%         1

Your spell library contained the following spells:

 Spells                   Type           Power      Damage    Failure   Level
 Summon Small Mammal      Summ           4%         N/A       17%         1
 Passwall                 Tmut/Erth      10%        N/A       9%          2
 Petrify                  Tmut/Erth      12%        N/A       50%         4
 Corpse Rot               Necr/Pois/Air  5%         N/A       75%         4


Dungeon Overview and Level Annotations

Branches:
Dungeon (5/15)
 Temple: D:4-7

Altars:

Annotations:
D:5 Ijyb


Innate Abilities, Weirdness & Mutations

You are too large for most types of armour.
You have claws for hands.
Your natural rate of healing is unusually fast.
You are covered in fur. (AC +1)
You have tough skin. (AC +1)


Message History

Q - 9 stones (gained 3)
You are now empty-clawed.
b - a +0 hand crossbow (weapon)
Found a stone staircase leading down.
Found a white potion.
B - a white potion You see here a +0 robe.
Found an escape hatch in the floor.
There is an escape hatch in the floor here.
A howler monkey comes into view.
The howler monkey howls!
You shoot a bolt. The bolt hits the howler monkey.
The howler monkey hoots and howls with incredible vigour!
You hear a shout!
You shoot a bolt. The bolt hits the howler monkey.
Aim: a howler monkey (heavily wounded, catching its breath, 77% to hit)
The blast of sand hits the howler monkey!
You kill the howler monkey!
Your Unarmed Combat skill increases to level 2!
You start resting.
Memorise Apportation, consuming 1 spell level and leaving 1?
You start memorising the spell.
You continue memorising.
You finish memorising.
Spell assigned to 'e'.
You see here a howler monkey corpse.
Ijyb the Twisted Goblin comes into view.
She is wielding a +1 spectral club, wearing a +2 scale mail of cold resistance and carrying a wand of light (5).
Ijyb shouts!
Okay, then.
Blink to where?
As you read the scroll of blinking, it crumbles to dust.
Ijyb hits you with a +1 spectral club.
You are now empty-clawed.
A quokka comes into view.
You barely miss Ijyb.
Ijyb zaps a wand.
The bolt of light hits you!
You scratch Ijyb but do no damage. Ijyb hits you with a +1 spectral club.
You barely miss Ijyb. Ijyb hits you with a +1 spectral club.
You scratch Ijyb.
Ijyb zaps a wand.
The bolt of light hits you!
You are confused.
* * * LOW HITPOINT WARNING * * *
Ijyb hits you with a +1 spectral club.
* * * LOW HITPOINT WARNING * * *
You barely miss Ijyb. Ijyb hits you with a +1 spectral club.
* * * LOW HITPOINT WARNING * * *
You bump into the rock wall.
Ijyb zaps a wand.
The bolt of light hits you!!
You die...

##†# #. ##
#..#
#..#.##.##
#..#....#
#.......##
#......#
#.#......#
......gr.#
##.....@##
#.....##
###.## #.
. . ..


You could see Ijyb and a quokka.

Vanquished Creatures
  A black bear (D:5)
  A centaur (D:5)
  A howler monkey (D:5)
  3 hounds
  3 adders
  An ufetubus (D:4)
  2 worms
  4 dart slugs
  5 endoplasms
  8 hobgoblins
  2 jackals (D:2)
  A quokka (D:4)
  7 ball pythons
  6 bats
  A frilled lizard (D:2)
  9 goblins
  7 kobolds
  7 rats
69 creatures vanquished.

Notes
Turn   | Place    | Note
-------+----------+-------------------------------------------
     0 | D:1      | Pooter the Troll Earth Elementalist began the quest for the
                  | Orb.
     0 | D:1      | Reached XP level 1. HP: 16/16 MP: 1/1
   152 | D:1      | Reached skill level 1 in Transmutations
   199 | D:1      | Reached XP level 2. HP: 26/26 MP: 0/2
  1072 | D:2      | Reached XP level 3. HP: 32/32 MP: 1/4
  1105 | D:2      | Learned a level 3 spell: Stone Arrow
  1601 | D:2      | Learned a level 1 spell: Necrotize
  1623 | D:2      | Reached skill level 3 in Earth Magic
  1673 | D:2      | Reached skill level 1 in Unarmed Combat
  2372 | D:3      | Reached skill level 1 in Fighting
  2376 | D:3      | Reached XP level 4. HP: 41/41 MP: 5/5
  2880 | D:4      | Reached skill level 1 in Conjurations
  3220 | D:4      | Reached XP level 5. HP: 44/48 MP: 3/6
  3459 | D:4      | Learned a level 2 spell: Poisonous Vapours
  3509 | D:5      | Entered Level 5 of the Dungeon
  3509 | D:5      | Noticed a black bear
  3516 | D:5      | Killed a black bear
  3543 | D:5      | Noticed a centaur
  3688 | D:5      | Killed a centaur
  3689 | D:5      | Reached skill level 1 in Necromancy
  3689 | D:5      | Reached skill level 1 in Poison Magic
  3689 | D:5      | Reached XP level 6. HP: 45/55 MP: 6/8
  3931 | D:5      | Learned a level 1 spell: Apportation
  3935 | D:5      | Noticed Ijyb
  3944 | D:5      | Killed from afar by Ijyb

Illustrated notes

Levels and vault maps discovered:
D:1:      minmay_arrival_diagonal_passages, layout_loops_cross,
          due_unseen_surprise
D:2:      layout_loops_corners, minmay_misc_feat_four_crosses
D:3:      layout_rooms, roderic_lattice_a, grunt_decor_resistance
D:4:      layout_rooms, nrook_loot_triangle, kennysheep_path_1,
          minmay_splitting_lines
D:5:      dreamdust_elfheim, layout_cave_pods, dreamdust_princess_bridge,
          kennysheep_minor_cross, guppyfry_shop_venom, uniq_ijyb

Skill      XL: |  1  2  3  4  5  6 |
---------------+-------------------+-----
Transmutations | 1 |  1.9
Earth Magic    | 3 |  3.4
Unarmed Combat | 1 2 |  2.0
Fighting       | 1 |  1.5
Conjurations   | 1 |  1.5
Spellcasting   | 2 |  2.0
Necromancy     | 1 |  1.1
Poison Magic   | 1 |  1.1
Crossbows      | |  0.1
Throwing       | |  0.2
Dodging        | |  1.5
Stealth        | |  1.0
Air Magic      | |  0.5

Action                   |  1- 3 |  4- 6 || total
-------------------------+-------+-------++-------
Melee: Unarmed           |    46 |    45 ||    91
 Fire: Hunting sling     |    21 |    37 ||    58
       Shortbow          |       |     6 ||     6
       Hand crossbow     |       |     2 ||     2
Throw: Stone             |    20 |     3 ||    23
 Cast: Sandblast         |    32 |    23 ||    55
       Necrotize         |     4 |       ||     4
       Poisonous Vapours |       |     4 ||     4
  Use: Scroll            |     3 |     3 ||     6
Armor: Robe              |    36 |    43 ||    79
Dodge: Dodged            |    28 |    35 ||    63

Table legend: (Time is in decaauts)
 A = Elapsed time spent in this place.
 B = Non-inter-level travel time spent in this place.
 C = Inter-level travel time spent in this place.
 D = Time resting spent in this place.
 E = Time spent auto-exploring this place.
 F = Levels seen in this place.
 G = Mean time per level.
                   A        B        C        D        E       F      G
               +--------+--------+--------+--------+--------+-----+--------+
         Total |   4024 |   3882 |    142 |    344 |   2797 |   5 |  804.8 |
       Dungeon |   4024 |   3882 |    142 |    344 |   2797 |   5 |  804.8 |
               +--------+--------+--------+--------+--------+-----+--------+

Top non-repeatable levels by time:
     D:2: 1188 daAuts
     D:4: 930 daAuts
     D:1: 827 daAuts
     D:3: 754 daAuts
     D:5: 324 daAuts
